[Event "28th Hit Open-A 2024"]
[Site "Nova Gorica"]
[Date "2024.01.27"]
[Round "3.28"]
[White "Belyaletdinov, Leonard"]
[Black "Orsatti, Marcello"]
[Result "1/2-1/2"]
[ECO "D05"]
[WhiteElo "1581"]
[BlackElo "1918"]
[Annotator "TA"]
[PlyCount "96"]
[EventDate "2024.01.22"]
[EventType "swiss"]
[EventCountry "SLO"]
[SourceTitle "playchess.com"]
[Source "ChessBase"]
[SourceQuality "1"]
[TimeControl "5400+30"]

1. d4 d5 2. Nf3 Nf6 3. e3 e6 4. Bd3 Be7 5. b3 Nbd7 6. Bb2 a6 7. Nbd2 b6 8. Ne5 Bb7 {[%emt 0:00:15] Prevents Nc6} 9. O-O c5 10. c4 dxc4 11. Nxd7 Qxd7 (11... cxd3 $15 {deserves consideration.} 12. Ne5 a5) 12. Nxc4 $11 b5 (12... cxd4 $11 {should be considered.} 13. Bxd4 (13. Nxb6 $2 Qc6 $19) 13... Qc6) 13. Ne5 (13. Na5 $14) 13... Qd5 {[%emt 0:01:57][%csl Gb7][%cal Rd5g2] [#]} 14. f3 {[%emt 0:00:39] Active counter play!} cxd4 15. exd4 O-O 16. Qe2 Qd8 17. Rfd1 Qb6 18. Rac1 Rac8 19. Kh1 Rfd8 20. Bb1 Bd5 21. Qd3 {[%emt 0:00:30] [#] Hoping for Rxc8.} g6 22. Qe2 Qb7 23. Nd3 Bf8 (23... Bc6 $5) 24. Nc5 Qa8 25. Nd3 Bg7 26. Ba3 Rxc1 27. Bxc1 Rc8 28. Nc5 Qc6 29. Be3 Nd7 30. Rc1 Qd6 31. b4 e5 32. dxe5 Qxe5 33. Qf2 (33. Qd2 $15 {is superior.} Nxc5 34. Bxc5) 33... Nb6 (33... Nxc5 $17 34. Qd2 Re8 35. Bxc5 Bf6) 34. Rd1 {[%emt 0:00:30][%cal Oc5d3] Strongly threatening Nd3!} Re8 35. Bd2 (35. Bd4 $11 {was preferrable.} Qf4 36. Bxg7 Kxg7 37. Kg1) 35... Nc4 36. Re1 Qb8 37. h3 (37. Nxa6 $11 {keeps the balance.} Rxe1+ 38. Qxe1) 37... Rxe1+ $17 38. Qxe1 Nxd2 39. Qxd2 Qe5 (39... Qg3 $17 {[%cal Og7e5] ...Be5! would now be deadly.} 40. Ne4 Bxe4 (40... Qe5 41. Qd1 $17) 41. Bxe4 Be5) 40. Be4 $1 $11 Qa1+ 41. Kh2 Be5+ {[%emt 0:00:30] A strong pair of Bishops.} (41... Bxa2 $2 {too greedy.} 42. Qd8+ Bf8 43. Nd7 $18) 42. f4 Bxe4 (42... Bxa2 $2 {perishes.} 43. fxe5 Qxe5+ 44. g3 $18) 43. Nxe4 {[%emt 0:20:47][%mdl 4096] Endgame. KQB-KQN} Bd4 44. Qd3 $2 (44. h4 $15) 44... Bg1+ $2 ({Black should play} 44... Qg1+ $19 45. Kg3 f5) 45. Kg3 Qe1+ 46. Kf3 Qxb4 47. Qd8+ Qf8 48. Nf6+ Kg7 {[%emt 0:00:05] Weighted Error Value: White=0.25 (precise) /Black=0.22 (precise) .  Missed win:     	---       	Black=1      Mistake:       	White=5     	Black=4      Inaccurate:     	White=6     	Black=5      OK:         	White=6     	Black=11     Best:        	White=5     	Black=2      Strong:       	White=1     	---} 1/2-1/2

[Event "28th Hit Open-A 2024"]
[Site "Nova Gorica"]
[Date "2024.01.27"]
[Round "3.29"]
[White "Capaliku, Aleks"]
[Black "Novak, Rok"]
[Result "1-0"]
[ECO "A03"]
[WhiteElo "1913"]
[BlackElo "1777"]
[Annotator "NA RC"]
[PlyCount "93"]
[EventDate "2024.01.22"]
[EventType "swiss"]
[EventCountry "SLO"]
[SourceTitle "playchess.com"]
[Source "ChessBase"]
[SourceQuality "1"]
[TimeControl "5400+30"]

1. f4 d5 2. b3 Nf6 3. Nf3 e6 4. e3 Be7 5. Bb2 b6 6. Bb5+ c6 7. Be2 Bb7 8. O-O O-O 9. Ne5 c5 10. d3 Nfd7 11. Nd2 f6 12. Nxd7 Qxd7 13. Bf3 Nc6 14. Qe2 Rac8 15. e4 Nd4 16. Qd1 Nxf3+ 17. Qxf3 Rfd8 18. Rae1 b5 19. exd5 exd5 20. Qe2 Bf8 21. Nf3 Re8 22. Qd2 d4 23. Bc1 Rxe1 24. Qxe1 Re8 25. Qf2 Bd6 26. Bd2 Re7 27. Re1 Qe8 28. Rxe7 Qxe7 29. Kf1 Qe6 30. Qe2 Kf7 31. Qxe6+ Kxe6 32. Kf2 Kf5 33. g3 Kg4 34. Ng1 h5 35. h3+ Kf5 36. Nf3 g5 37. fxg5 Bxf3 38. Kxf3 fxg5 39. g4+ hxg4+ 40. hxg4+ Kf6 41. Ke4 b4 42. Kd5 Bf4 43. Be1 Be3 44. Kd6 a5 45. Kd5 Bc1 46. Bg3 Bd2 47. Bd6 1-0

[Event "28th Hit Open-A 2024"]
[Site "Nova Gorica"]
[Date "2024.01.27"]
[Round "3.30"]
[White "Veselic, Maks"]
[Black "Ivsek, Cveto"]
[Result "1-0"]
[ECO "B17"]
[WhiteElo "1874"]
[BlackElo "1711"]
[Annotator "NA RC COMBH"]
[PlyCount "89"]
[EventDate "2024.01.22"]
[EventType "swiss"]
[EventCountry "SLO"]
[SourceTitle "playchess.com"]
[Source "ChessBase"]
[SourceQuality "1"]
[TimeControl "5400+30"]

1. e4 c6 2. d4 d5 3. Nc3 dxe4 4. Nxe4 Nd7 5. Nf3 h6 6. Bd3 Ngf6 7. Nxf6+ Nxf6 8. h3 g5 9. h4 g4 10. Ne5 Be6 11. c3 Qd5 12. O-O Bg7 13. Re1 h5 14. Bc4 Qd6 15. Bxe6 fxe6 16. Ng6 Rh6 17. Bxh6 Bxh6 18. Qb3 Nd5 19. c4 Nf4 20. Nxf4 Bxf4 21. c5 Qd5 22. Qxd5 exd5 23. Re6 Kf7 24. Rae1 Re8 25. g3 Bc1 26. R6e2 Bh6 27. Kg2 Bg7 28. Rd1 Bf6 29. b4 a6 30. a4 e5 31. dxe5 Bxe5 32. Rb1 Kf6 33. b5 axb5 34. axb5 Rc8 35. Rbe1 Bd4 36. Re6+ Kf5 37. Rh6 Bxc5 38. Rxh5+ Kf6 39. Ree5 Bd4 40. Rhf5+ Kg7 41. Re7+ Kg6 42. Rg5+ Kh6 43. Rxg4 c5 44. Re6+ Kh7 45. Rd6 1-0

[Event "28th Hit Open-A 2024"]
[Site "Nova Gorica"]
[Date "2024.01.27"]
[Round "3.31"]
[White "Mulec, Dejan"]
[Black "Atakay, Mustafa"]
[Result "0-1"]
[ECO "A80"]
[WhiteElo "1577"]
[BlackElo "1889"]
[Annotator "NA RC COMBH"]
[PlyCount "98"]
[EventDate "2024.01.22"]
[EventType "swiss"]
[EventCountry "SLO"]
[SourceTitle "playchess.com"]
[Source "ChessBase"]
[SourceQuality "1"]
[TimeControl "5400+30"]

1. d4 f5 2. Bg5 Nf6 3. Bxf6 exf6 4. Nc3 d5 5. Nf3 Be6 6. h4 h5 7. e3 Nc6 8. Bd3 g6 9. Ne2 Bf7 10. c3 Bd6 11. Qa4 O-O 12. Qc2 Ne7 13. g3 c6 14. Nf4 a5 15. Nd2 Qd7 16. c4 a4 17. c5 Bc7 18. O-O-O b6 19. f3 bxc5 20. dxc5 Be5 21. Ne2 Rfb8 22. Nd4 Kh8 23. g4 hxg4 24. fxg4 fxg4 25. h5 g5 26. Bg6 Be6 27. Rdf1 Rf8 28. Nb1 f5 29. Nc3 g3 30. Rfg1 f4 31. Nf3 Bf6 32. exf4 gxf4 33. Ne2 Bg4 34. Nh4 Rab8 35. Nc3 Bg5 36. Kb1 Bxh4 37. Rxh4 Bf5 38. Bxf5 Qxf5 39. Qxf5 Rxf5 40. Ne2 Rbf8 41. Nd4 f3 42. Nxf5 f2 43. Rd1 g2 44. Nxe7 f1=Q 45. Ng6+ Kg8 46. Kc2 Rf2+ 47. Rd2 Rxd2+ 48. Kxd2 g1=Q 49. Rxa4 Qd1+ 0-1

[Event "28th Hit Open-A 2024"]
[Site "Nova Gorica"]
[Date "2024.01.27"]
[Round "3.32"]
[White "Mestek, Igor"]
[Black "Budai, Federico"]
[Result "1-0"]
[ECO "C45"]
[WhiteElo "2080"]
[BlackElo "1861"]
[Annotator "NA RC"]
[PlyCount "139"]
[EventDate "2024.01.22"]
[EventType "swiss"]
[EventCountry "SLO"]
[SourceTitle "playchess.com"]
[Source "ChessBase"]
[SourceQuality "1"]
[TimeControl "5400+30"]

1. e4 e5 2. Nf3 Nc6 3. d4 exd4 4. Nxd4 Bc5 5. Be3 Qf6 6. c3 Nge7 7. g3 Bb6 8. Bg2 d6 9. O-O O-O 10. Nb5 Ba5 11. Nd2 a6 12. Nd4 Ne5 13. h3 c5 14. Ne2 Be6 15. b3 N5c6 16. Qc2 Bc7 17. Nf4 Nc8 18. Rae1 Nb6 19. Nd5 Qd8 20. Nf3 h6 21. Rd1 Bxd5 22. exd5 Ne7 23. c4 Ng6 24. Bc1 Nd7 25. Bb2 Ba5 26. Nh2 Qe8 27. Be4 Ne7 28. Bh7+ Kh8 29. Bd3 f5 30. f4 Qf7 31. Rf2 Rfe8 32. Nf3 Kg8 33. Nh4 Rf8 34. Ba1 Rae8 35. Qb2 Qf6 36. Qc2 Qf7 37. Re2 g5 38. Qb2 Qf6 39. Qa3 Bc3 40. Bxc3 Qxc3 41. Ng2 Qg7 42. Kh2 Rf7 43. Rde1 Nf8 44. b4 Rc8 45. Qb3 Neg6 46. bxc5 Rxc5 47. Qc2 Ne7 48. Qb1 Rc7 49. Qb6 Nc8 50. Qb1 Ne7 51. Rf1 g4 52. h4 h5 53. Rfe1 b5 54. cxb5 Nxd5 55. Qb3 Qd4 56. Bb1 Nc3 57. Re7 d5 58. Rxf7 Rxf7 59. bxa6 Ne4 60. Bxe4 dxe4 61. Rd1 Qa7 62. Rd6 Kh7 63. Qb6 Qe7 64. Ne3 Nd7 65. Rh6+ Kg8 66. Qg6+ Rg7 67. Qxh5 Kf8 68. Rh8+ Rg8 69. Qh6+ Kf7 70. Rh7+ 1-0

[Event "28th Hit Open-A 2024"]
[Site "Nova Gorica"]
[Date "2024.01.27"]
[Round "3.33"]
[White "Pagnutti, Lorenzo"]
[Black "Trybus, Daniel"]
[Result "0-1"]
[ECO "B03"]
[WhiteElo "1859"]
[BlackElo "2039"]
[Annotator "NA RC"]
[PlyCount "98"]
[EventDate "2024.01.22"]
[EventType "swiss"]
[EventCountry "SLO"]
[SourceTitle "playchess.com"]
[Source "ChessBase"]
[SourceQuality "1"]
[TimeControl "5400+30"]

1. e4 Nf6 2. e5 Nd5 3. c4 Nb6 4. d4 d6 5. f4 Bf5 6. Nf3 e6 7. Be2 Be7 8. O-O O-O 9. Nc3 d5 10. c5 Nc4 11. b3 Na5 12. Bd3 Bxd3 13. Qxd3 f5 14. exf6 Bxf6 15. Bd2 Nd7 16. Rae1 Nc6 17. Rxe6 Nxd4 18. Nxd4 Nxc5 19. Nc6 bxc6 20. Qe2 Nxe6 21. Qxe6+ Kh8 22. Qxc6 Qd6 23. Qxd6 cxd6 24. Nxd5 Bd4+ 25. Be3 Bxe3+ 26. Nxe3 Rae8 27. Rf3 Re4 28. f5 g6 29. g4 d5 30. h3 d4 31. Nc4 gxf5 32. Nd6 Re2 33. Nxf5 Rxa2 34. Rd3 Rc8 35. Rd1 d3 36. Ne3 Rc3 37. b4 Re2 38. Nd5 Rb3 39. Kf1 Rh2 40. Kg1 Rhb2 41. Kf1 Rb1 42. Ke1 d2+ 43. Ke2 Rxd1 44. Kxd1 Rxh3 45. Kxd2 Kg7 46. Nf4 Rh4 47. Ke3 Rxg4 48. Kf3 Rxf4+ 49. Kxf4 Kf6 0-1

[Event "28th Hit Open-A 2024"]
[Site "Nova Gorica"]
[Date "2024.01.27"]
[Round "3.34"]
[White "Kejzar, Petra"]
[Black "Tonel, Giulia"]
[Result "1-0"]
[ECO "D15"]
[WhiteElo "2025"]
[BlackElo "1851"]
[Annotator "NA RC"]
[PlyCount "29"]
[EventDate "2024.01.22"]
[EventType "swiss"]
[EventCountry "SLO"]
[SourceTitle "playchess.com"]
[Source "ChessBase"]
[SourceQuality "1"]
[TimeControl "5400+30"]

1. d4 d5 2. c4 c6 3. Nc3 Nf6 4. Nf3 dxc4 5. e3 Bf5 6. Bxc4 e6 7. O-O Nbd7 8. h3 h6 9. Qe2 Nb6 10. Bb3 Bb4 11. a3 Be7 12. e4 Bh7 13. Rd1 O-O 14. Bf4 Bd6 15. Bxd6 1-0

[Event "28th Hit Open-A 2024"]
[Site "Nova Gorica"]
[Date "2024.01.27"]
[Round "3.35"]
[White "Cortese, Lina"]
[Black "Kekic, Urban"]
[Result "0-1"]
[ECO "D13"]
[WhiteElo "1582"]
[BlackElo "1885"]
[Annotator "NA RC COMBH"]
[PlyCount "64"]
[EventDate "2024.01.22"]
[EventType "swiss"]
[EventCountry "SLO"]
[SourceTitle "playchess.com"]
[Source "ChessBase"]
[SourceQuality "1"]
[TimeControl "5400+30"]

1. c4 c6 2. Nc3 d5 3. cxd5 cxd5 4. d4 Nc6 5. Nf3 Nf6 6. g3 Bf5 7. Bg2 e6 8. a3 Bd6 9. O-O h6 10. b4 O-O 11. Bb2 Rc8 12. Rc1 Qe7 13. Qb3 Rfd8 14. e3 Nd7 15. Rfe1 Nb6 16. Nd2 Bh7 17. Na4 Nd7 18. Nc5 Nf6 19. e4 dxe4 20. Ncxe4 Nxe4 21. Nxe4 Bxe4 22. Rxe4 Qd7 23. Rg4 Bf8 24. Qe3 f5 25. Bxc6 Rxc6 26. Rf4 g5 27. Rxc6 bxc6 28. Rf3 g4 29. Rf4 Bd6 30. d5 Bxf4 31. Qxf4 Qxd5 32. Qxh6 Qd1+ 0-1

[Event "28th Hit Open-A 2024"]
[Site "Nova Gorica"]
[Date "2024.01.27"]
[Round "3.36"]
[White "Racnik, Tone"]
[Black "Mihelj, Edvard"]
[Result "0-1"]
[ECO "C41"]
[WhiteElo "1849"]
[BlackElo "1618"]
[Annotator "NA RC COMBH"]
[PlyCount "86"]
[EventDate "2024.01.22"]
[EventType "swiss"]
[EventCountry "SLO"]
[SourceTitle "playchess.com"]
[Source "ChessBase"]
[SourceQuality "1"]
[TimeControl "5400+30"]

1. e4 e5 2. Nf3 d6 3. Bc4 h6 4. c3 Nf6 5. d3 a6 6. Nbd2 Be7 7. Nf1 Nc6 8. Bb3 b5 9. Ng3 Na5 10. Bc2 c6 11. O-O Nh7 12. b4 Nb7 13. d4 Bg4 14. dxe5 Bxf3 15. Qxf3 dxe5 16. Bb3 O-O 17. Nf5 Bg5 18. Qg3 Qf6 19. h4 Bxc1 20. Raxc1 Nd6 21. Rce1 Rae8 22. f4 Nxf5 23. exf5 e4 24. Qh3 Re7 25. Re3 Qd6 26. g4 Kh8 27. g5 h5 28. Qg3 Rfe8 29. Rfe1 c5 30. Bd1 g6 31. f6 Rd7 32. a3 c4 33. Bf3 Qb6 34. Qf2 Red8 35. Rxe4 Qb8 36. Qe2 Nf8 37. Re8 Qxf4 38. Rxd8 Rxd8 39. Qe7 Qg3+ 40. Bg2 Ne6 41. Rf1 Kg8 42. Qa7 Nf4 43. Qf2 Nh3+ 0-1

[Event "28th Hit Open-A 2024"]
[Site "Nova Gorica"]
[Date "2024.01.27"]
[Round "3.37"]
[White "Milicevic, Zoran"]
[Black "Vicic, Mark"]
[Result "0-1"]
[ECO "B15"]
[WhiteElo "1550"]
[BlackElo "1729"]
[Annotator "NA RC COMBH"]
[PlyCount "60"]
[EventDate "2024.01.22"]
[EventType "swiss"]
[EventCountry "SLO"]
[SourceTitle "playchess.com"]
[Source "ChessBase"]
[SourceQuality "1"]
[TimeControl "5400+30"]

1. e4 c6 2. d4 d5 3. Nc3 dxe4 4. Nxe4 Nf6 5. Nxf6+ exf6 6. Nf3 Bd6 7. Be2 O-O 8. O-O Re8 9. c4 Be6 10. b3 Nd7 11. Bb2 Nf8 12. d5 cxd5 13. cxd5 Bg4 14. Nd4 Bxe2 15. Nxe2 Qd7 16. Qd3 Rad8 17. Rad1 Ng6 18. f4 Qg4 19. Rde1 Bc5+ 20. Kh1 Re3 21. Qd1 Nh4 22. Ng3 Qd7 23. Rxe3 Bxe3 24. Qd3 Qxd5 25. Qxd5 Rxd5 26. Re1 Bc5 27. Re8+ Bf8 28. h3 Rd1+ 29. Kh2 Rd2 30. Ba3 Nf3+ 0-1

[Event "28th Hit Open-A 2024"]
[Site "Nova Gorica"]
[Date "2024.01.27"]
[Round "3.38"]
[White "Deschi, Leonardo Simone"]
[Black "Beber, Anja"]
[Result "0-1"]
[ECO "C55"]
[WhiteElo "1639"]
[BlackElo "1606"]
[Annotator "NA COMBH RC"]
[PlyCount "91"]
[EventDate "2024.01.22"]
[EventType "swiss"]
[EventCountry "SLO"]
[SourceTitle "playchess.com"]
[Source "ChessBase"]
[SourceQuality "1"]
[TimeControl "5400+30"]

1. e4 e5 2. Nf3 Nc6 3. Bc4 Nf6 4. d3 h6 5. c3 d6 6. Nbd2 g6 7. O-O Bg7 8. b4 O-O 9. a4 Qe7 10. a5 a6 11. Nb3 Be6 12. Re1 Rad8 13. b5 axb5 14. Bxb5 Na7 15. Ba4 Bd7 16. Be3 Bxa4 17. Rxa4 Qd7 18. Qa1 Nc6 19. c4 Ne7 20. Rb1 Ra8 21. Nc1 Rfb8 22. Ra2 Qc6 23. Ne1 Ng4 24. Bd2 f5 25. h3 Nf6 26. f3 fxe4 27. fxe4 Qc5+ 28. Kh1 Nh5 29. Ne2 Rf8 30. Nf3 Qf2 31. Be1 Qa7 32. Nc3 Nf4 33. Rd1 Nxh3 34. Nb5 Qc5 35. gxh3 Rxf3 36. Kg2 Raf8 37. Qb2 Rf1 38. d4 exd4 39. Qe2 Qg5+ 40. Qg4 Qxg4+ 41. hxg4 R1f4 42. g5 Rg4+ 43. Kh3 Rxg5 44. Nxc7 Rf3+ 45. Kh4 Rg1 {[%emt 0:02:31] Check Result:-#3} 46. Nd5 0-1

[Event "28th Hit Open-A 2024"]
[Site "Nova Gorica"]
[Date "2024.01.27"]
[Round "3.39"]
[White "Zlatanovic, Marcus"]
[Black "Bajec, Borut"]
[Result "0-1"]
[ECO "B54"]
[WhiteElo "1745"]
[BlackElo "1703"]
[Annotator "NA RC COMBH"]
[PlyCount "100"]
[EventDate "2024.01.22"]
[EventType "swiss"]
[EventCountry "SLO"]
[SourceTitle "playchess.com"]
[Source "ChessBase"]
[SourceQuality "1"]
[TimeControl "5400+30"]

1. e4 c5 2. Nf3 Nc6 3. d4 cxd4 4. Nxd4 d6 5. c4 Nf6 6. Nc3 e6 7. Be3 Be7 8. Be2 O-O 9. O-O Bd7 10. f4 a6 11. a3 Rc8 12. b4 Nxd4 13. Qxd4 Qc7 14. Rac1 Rfd8 15. h3 h6 16. Rfd1 Qb8 17. Qd3 b6 18. Qd4 Bc6 19. Qxb6 Nxe4 20. Nxe4 Bxe4 21. Qxa6 Rd7 22. Qa4 Rdc7 23. Qb3 Qb7 24. Bf1 d5 25. c5 Bxc5 26. Bxc5 Rxc5 27. Qe3 d4 28. Qe1 Rc3 29. Rxc3 dxc3 30. Rc1 c2 31. Ba6 Qxa6 32. Qxe4 Qxa3 33. Rxc2 Rxc2 34. Qxc2 Qxb4 35. Qc8+ Kh7 36. Qd7 Qxf4 37. Qd3+ Qf5 38. Qd7 h5 39. Qc8 g5 40. Qd7 g4 41. hxg4 hxg4 42. Qd8 e5 43. Qe7 Kg7 44. Qh4 e4 45. Qg3 Kg6 46. Qe3 f6 47. Kh1 Qe5 48. g3 Qf5 49. Qb3 Qf3+ 50. Qxf3 gxf3 0-1

[Event "28th Hit Open-A 2024"]
[Site "Nova Gorica"]
[Date "2024.01.27"]
[Round "3.40"]
[White "Guid, Taja"]
[Black "Cokan, Mirko"]
[Result "1/2-1/2"]
[ECO "C47"]
[WhiteElo "1698"]
[BlackElo "1614"]
[Annotator "NA RC COMBH"]
[PlyCount "77"]
[EventDate "2024.01.22"]
[EventType "swiss"]
[EventCountry "SLO"]
[SourceTitle "playchess.com"]
[Source "ChessBase"]
[SourceQuality "1"]
[TimeControl "5400+30"]

1. e4 Nc6 2. d4 e5 3. d5 Nce7 4. Nf3 Ng6 5. Nc3 Bb4 6. a3 Bxc3+ 7. bxc3 Nf6 8. Bd3 O-O 9. O-O d6 10. h3 h6 11. Nh2 Nh7 12. Rb1 b6 13. c4 a5 14. Rb3 Ne7 15. f4 exf4 16. Bxf4 Ng6 17. Bg3 f6 18. Nf3 Ne5 19. Nd4 Bd7 20. Kh2 Qe8 21. Qe2 Qe7 22. Bf4 g5 23. Bg3 Qg7 24. Rbb1 Rae8 25. Qd2 h5 26. Nf5 Bxf5 27. Rxf5 Nf7 28. Rff1 h4 29. Bf2 Ne5 30. Rbe1 Rf7 31. Be2 Nf8 32. Qd4 Nfg6 33. Bh5 Qh6 34. Bxg6 Nxg6 35. Be3 Ne5 36. Rf5 Rg7 37. Ref1 Rg6 38. Bd2 Qg7 39. Be1 1/2-1/2

[Event "28th Hit Open-A 2024"]
[Site "Nova Gorica"]
[Date "2024.01.27"]
[Round "3.41"]
[White "Vodnik, Val"]
[Black "Gratton, Damjan"]
[Result "1-0"]
[ECO "E06"]
[WhiteElo "1661"]
[BlackElo "1691"]
[Annotator "NA RC COMBH"]
[PlyCount "53"]
[EventDate "2024.01.22"]
[EventType "swiss"]
[EventCountry "SLO"]
[SourceTitle "playchess.com"]
[Source "ChessBase"]
[SourceQuality "1"]
[TimeControl "5400+30"]

1. d4 Nf6 2. c4 e6 3. Nf3 Nc6 4. g3 d5 5. Bg2 Be7 6. Qc2 O-O 7. O-O h6 8. Rd1 Nb4 9. Qb3 c5 10. Nc3 cxd4 11. Nxd4 e5 12. Nc2 Nxc2 13. Qxc2 d4 14. e3 Bc5 15. Na4 Qd6 16. a3 a6 17. b4 Ba7 18. c5 Qd8 19. exd4 exd4 20. Bb2 Qc7 21. Rxd4 Bd7 22. Rad1 Rac8 23. Rh4 Nh7 24. Bd5 Be6 25. Bxe6 fxe6 26. Qg6 Ng5 27. Rxh6 1-0

[Event "28th Hit Open-A 2024"]
[Site "Nova Gorica"]
[Date "2024.01.28"]
[Round "4.1"]
[White "Beliavsky, Alexander G"]
[Black "Berkes, Ferenc"]
[Result "1/2-1/2"]
[ECO "E11"]
[WhiteElo "2475"]
[BlackElo "2613"]
[Annotator "TA"]
[PlyCount "39"]
[EventDate "2024.01.22"]
[EventType "swiss"]
[EventCountry "SLO"]
[SourceTitle "playchess.com"]
[Source "ChessBase"]
[SourceQuality "1"]
[TimeControl "5400+30"]

1. d4 Nf6 2. c4 e6 3. Nf3 Bb4+ 4. Bd2 Bxd2+ 5. Qxd2 O-O 6. Nc3 d5 7. e3 Qe7 8. Rc1 Rd8 9. cxd5 exd5 10. Be2 Bf5 11. O-O {[%emt 0:02:06] Die Stellung ist ausgeglichen.} Nc6 12. Qd1 a6 13. Na4 Rd6 14. Nc5 Rb8 15. Qa4 Ne4 16. Qa3 Qd8 17. Rfe1 Ne7 18. Nxe4 Bxe4 19. Nd2 Bg6 20. Qa5 {[%emt 0:01:47] Gewichteter Fehlerwert: Weiß=0.09 (makellos) /Schwarz=0.10 (sehr präzise) .  Ungenau:       	Weiß=1     	Schwarz=1     OK:         	Weiß=4     	Schwarz=2} 1/2-1/2

[Event "28th Hit Open-A 2024"]
[Site "Nova Gorica"]
[Date "2024.01.28"]
[Round "4.2"]
[White "Sebenik, Matej"]
[Black "Ceres, Dragos"]
[Result "0-1"]
[ECO "E95"]
[WhiteElo "2536"]
[BlackElo "2438"]
[Annotator "TA"]
[PlyCount "86"]
[EventDate "2024.01.22"]
[EventType "swiss"]
[EventCountry "SLO"]
[SourceTitle "playchess.com"]
[Source "ChessBase"]
[SourceQuality "1"]
[TimeControl "5400+30"]

1. c4 Nf6 2. Nf3 g6 3. Nc3 Bg7 4. e4 d6 5. d4 O-O 6. Be2 Nbd7 7. O-O e5 8. Re1 exd4 9. Nxd4 Re8 10. Bf1 a6 11. Bg5 c6 12. Qd2 Nc5 {[%emt 0:01:00][%cal Od8b6] White has an edge.} 13. f3 Qc7 14. Kh1 Nfd7 15. Bh6 {[%emt 0:05:53] Strongly threatening Bxg7.} a5 16. Bxg7 Kxg7 17. b3 Ne5 18. f4 Ng4 19. Qb2 (19. h3 $16 Nf6 20. Bd3) 19... Kg8 $11 20. Rad1 Qb6 (20... Nf6 $11 {remains equal.}) 21. h3 $16 Nf6 22. e5 dxe5 23. Rxe5 (23. fxe5 $16 Nfd7 24. e6 fxe6 25. Nf3) 23... Bd7 $11 24. Nf3 Rxe5 25. fxe5 Nfe4 26. Nxe4 Nxe4 27. Kh2 (27. Rxd7 $5 Ng3+ $8 28. Kh2 Nxf1+ 29. Kh1 Ng3+ 30. Kh2 Nf1+ 31. Kh1 Ng3+ 32. Kh2 Nf1+ $11) 27... Be6 28. Rd4 Nc5 29. Qd2 Qc7 30. Kg1 Nd7 31. Kh1 Re8 (31... Nxe5 $2 32. Qf4 $18) 32. Rd6 Bf5 33. Qd4 c5 34. Qd5 Re7 (34... Kg7 {keeps more tension.} 35. Kg1 Re7 36. g4 Nxe5 37. Nxe5 Be4) 35. Kg1 $1 Kg7 36. Bd3 (36. g4 $1 $11 Nxe5 37. Nxe5) 36... Bxd3 ({Black should try} 36... Nb6 $17 37. Rxb6 Qxb6 38. Bxf5 gxf5) 37. Qxd3 Nxe5 38. Nxe5 Rxe5 $17 {[%emt 0:00:05] KQR-KQR} 39. Rd7 $1 Re1+ 40. Kf2 Qe5 {[%emt 0:00:03] [#] Threatens to win with ...Rc1.} 41. Rd5 (41. Qf3 $1 $11 Qe8 42. Rxb7) 41... Qa1 {[%emt 0:00:11] Black is more active.} 42. Rxc5 Rc1 (42... Qxa2+ $2 43. Kxe1 Qa1+ 44. Kf2 $18) 43. Rd5 $2 (43. Rxa5 $2 {perishes.} Qb2+ 44. Kg3 Rc3 $19) (43. Qd2 $17) 43... Qb2+ {[%emt 0:00:29] Weighted Error Value: White=0.33/Black=0.18 (very precise) .  Loses game:     	White=1     	---        Mistake:       	White=4     	Black=2      Inaccurate:     	White=3     	Black=4      OK:         	White=12    	Black=11     Best:        	White=2     	Black=3      Strong:       	White=2     	---} ({Weaker is} 43... Qxa2+ 44. Ke3 $19) 0-1

[Event "28th Hit Open-A 2024"]
[Site "Nova Gorica"]
[Date "2024.01.28"]
[Round "4.3"]
[White "Fercec, Nenad"]
[Black "Basso, Pier Luigi"]
[Result "1/2-1/2"]
[ECO "C65"]
[WhiteElo "2410"]
[BlackElo "2482"]
[Annotator "RC"]
[PlyCount "52"]
[EventDate "2024.01.22"]
[EventType "swiss"]
[EventCountry "SLO"]
[SourceTitle "playchess.com"]
[Source "ChessBase"]
[SourceQuality "1"]
[TimeControl "5400+30"]

1. e4 e5 2. Nf3 Nc6 3. Bb5 Nf6 4. d3 Bc5 5. Bxc6 dxc6 6. c3 Qe7 7. O-O Bd6 8. Nbd2 O-O 9. Nc4 Nd7 10. d4 f6 11. Nxd6 cxd6 12. b3 exd4 13. Nxd4 Nc5 14. Bf4 Rd8 15. Re1 Qf7 16. Qf3 Ne6 17. Rad1 Nxf4 18. Qxf4 Be6 19. Re3 Rd7 20. Red3 Rad8 21. h3 a6 22. c4 Qe7 23. f3 g6 24. Nxe6 Qxe6 25. Qd2 Qe5 26. Rd4 g5 1/2-1/2

[Event "28th Hit Open-A 2024"]
[Site "Nova Gorica"]
[Date "2024.01.28"]
[Round "4.4"]
[White "Csonka, Balazs"]
[Black "Drazic, Sinisa"]
[Result "1/2-1/2"]
[ECO "C54"]
[WhiteElo "2479"]
[BlackElo "2270"]
[Annotator "TA"]
[PlyCount "75"]
[EventDate "2024.01.22"]
[EventType "swiss"]
[EventCountry "SLO"]
[SourceTitle "playchess.com"]
[Source "ChessBase"]
[SourceQuality "1"]
[TimeControl "5400+30"]

1. e4 e5 2. Nf3 Nc6 3. Bc4 Nf6 4. d3 Bc5 5. c3 Bb6 6. O-O d6 7. a4 a6 8. Re1 h6 9. Nbd2 O-O 10. h3 Ne7 11. a5 Ba7 12. Nf1 Ng6 13. Ng3 Bd7 14. d4 Bc6 15. Bd3 {[%emt 0:04:05] White is more active.} Re8 16. Be3 exd4 17. Bxd4 Ne5 18. Nxe5 dxe5 19. Bxa7 Rxa7 20. Qf3 Ra8 21. Bc4 {[%emt 0:07:59] [#] Rad1 would now be deadly.} Bd7 (21... g6 $1 $11) 22. Nh5 $14 {[%emt 0:02:04] And now Rad1 would win.} Qe7 23. Nxf6+ Qxf6 24. Qxf6 gxf6 25. Bd5 c6 26. Bc4 Rad8 27. Red1 Be6 28. Bxe6 fxe6 {[%emt 0:00:02][%mdl 4096] Endgame. KRR-KRR} 29. Kf1 Kf7 30. Ke2 Ke7 31. g3 Rg8 32. Ke3 h5 33. Ke2 Rh8 34. Rxd8 Rxd8 35. Rd1 {[%emt 0:00:08] aiming for Rxd8.} Rh8 36. c4 f5 37. exf5 (37. h4 $14 {feels stronger.}) 37... exf5 $11 38. Kf3 {[%emt 0:00:13] Weighted Error Value: White=0.11 (very precise) /Black=0.10 (very precise) .  Mistake:       	White=1     	Black=1      Inaccurate:     	White=3     	Black=1      OK:         	White=9     	Black=9      Best:        	---       	Black=1} 1/2-1/2